Map: Odyssey LE

Players

SauceBauce - Winner!

  • Race: Terran Terran
  • League: Gold
  • Spawn Location: 5:00

Juxtapose

  • Race: Zerg Zerg
  • League: Gold
  • Spawn Location: 11:00

VOD

https://youtu.be/UxdTqjdu8Zw

Description

This game was intense, and I can't believe how many units I threw at my opponent.

His composition was mainly Marauders and Thors, and Zerglings are a counter to each, but evidently that didn't work so well.

I suspect I should have used a combination of Lurkers, Swarm Hosts, supported by Zerglings and Hydralisks with a select few Vipers for Blinding Cloud.

Time

  • Played on: Sept. 23, 2017, 10:38 p.m.
  • Length: 28:18
Show
View Real Time Build Order
Export as new Build Order

SauceBauce Terran - Winner!

Build Orders: Reaper Expand, MMM Bio 

Get SALT Encoding   

  12  0:02  SCV  
  14  0:14  SCV  
  14  0:19  Supply Depot  
  14  0:26  SCV  
  14  0:27  Supply Depot  
  15  0:35  Refinery  
  15  0:50  Barracks  
  15  0:51  SCV  
  16  1:03  SCV  
  17  1:15  SCV  
  18  1:37  Orbital Command  
  18  1:54  Command Center  
  18  1:56  Reaper  
  19  2:05  SCV  
  20  2:10  Supply Depot  
  20  2:21  SCV  
  21  2:27  Refinery  
  21  2:28  Factory  
  21  2:40  Barracks  
  21  2:47  SCV  
  21  2:48  Barracks Reactor  
  22  3:00  SCV  
  23  3:07  Supply Depot  
  26  3:12  Cyclone  
  26  3:19  Orbital Command  
  26  3:27  SCV  
  27  3:28  Marine x2  
  29  3:39  Marine  
  30  3:44  Bunker  
  30  3:46  SCV  
  30  3:47  SCV  
  32  3:51  Cyclone  
  32  3:53  Marine x2  
  37  3:58  SCV  
  37  3:59  SCV  
  39  4:11  Barracks Tech Lab  
  39  4:13  SCV  
  40  4:23  Starport  
  40  4:27  Supply Depot, Factory Tech Lab, Barracks  
  40  4:28  Barracks, Engineering Bay  
  40  4:32  Marine x2  
  40  4:36  SCV  
  40  4:37  SCV  
  44  4:44  Marine  
  44  4:45  Stimpack  
  45  4:48  Liberator  
  45  4:54  Marine x2  
  45  4:56  Siege Tank  
  45  4:57  Bunker  
  45  4:59  SCV  
  54  5:15  SCV  
  54  5:16  SCV  
  56  5:21  Barracks Tech Lab  
  56  5:23  Barracks Reactor  
  56  5:28  SCV  
  57  5:36  Marine  
  58  5:43  Supply Depot, SCV x2  
  58  5:45  Supply Depot  
  58  5:48  Refinery  
  60  5:51  Refinery  
  60  5:55  SCV x2  
  62  6:04  Marine x3, Combat Shields  
  62  6:06  Siege Tank  
  62  6:07  SCV  
  62  6:08  SCV  
  70  6:11  Terran Infantry Weapons Level 1  
  70  6:13  Supply Depot  
  70  6:17  Supply Depot  
  70  6:18  Engineering Bay  
  70  6:19  SCV  
  70  6:20  SCV  
  72  6:32  SCV x2  
  74  6:43  Armory  
  74  6:44  SCV x2  
  76  6:49  Marine x3  
  79  6:56  SCV x2  
  81  7:08  SCV  
  82  7:17  Starport Reactor  
  82  7:21  Barracks  
  82  7:22  Barracks  
  79  7:24  Barracks  
  79  7:27  Terran Infantry Armor Level 1  
  79  7:32  Command Center  
  79  7:35  Supply Depot  
  79  7:37  Supply Depot  
  79  7:38  Supply Depot  
  79  7:40  Liberator x2, Concussive Shells  
  79  7:44  Supply Depot x2  
  79  7:47  Marine  
  79  7:48  Marine  
  79  7:49  Marauder x2  
  86  7:51  SCV x2  
  93  8:03  SCV x2  
  95  8:07  Missile Turret x2  
  95  8:19  Barracks Tech Lab x3  
  95  8:23  Missile Turret  
  95  8:25  Missile Turret x2  
  95  8:26  Missile Turret  
  99  8:27  Marauder x2  
  99  8:28  Marine  
  99  8:30  Siege Tank  
  103  8:40  Viking, Marauder  
  111  8:48  Marauder x2  
  111  8:53  Sensor Tower  
  111  8:56  Marauder x2  
  111  8:57  Marine  
  111  8:59  Marine  
  111  9:00  Marine  
  111  9:01  Marauder  
  120  9:05  Orbital Command  
  120  9:06  Sensor Tower  
  120  9:15  Marauder x2  
  124  9:17  Marauder  
  124  9:21  Terran Infantry Weapons Level 2  
  126  9:35  Medivac x2  
  126  9:38  SCV x2  
  132  9:50  SCV x2  
  134  10:00  Marine  
  134  10:01  Marauder x5  
  134  10:02  SCV x2, Marine  
  148  10:09  Orbital Command  
  148  10:17  Marine  
  149  10:30  Supply Depot  
  149  10:31  Supply Depot  
  149  10:45  Supply Depot  
  149  10:51  Marauder x3  
  149  10:52  Marauder  
  149  10:53  Marauder  
  159  11:09  Marine  
  159  11:10  Marine  
  155  11:13  Marauder x4  
  155  11:15  Marauder  
  165  11:20  Terran Infantry Armor Level 2  
  165  11:37  Refinery  
  165  11:38  Thor  
  165  11:39  Refinery  
  171  11:47  Factory  
  171  12:04  Supply Depot x2  
  171  12:12  Marauder x3, Marine  
  175  12:27  Supply Depot  
  145  12:31  Marine x2, Factory, Marauder  
  145  12:32  Marauder, Marine x2  
  145  12:33  Marauder x2  
  145  12:34  Marauder  
  136  12:40  Medivac  
  136  12:41  Medivac  
  140  12:49  Marine  
  141  12:53  Marauder  
  141  12:55  Factory Tech Lab  
  143  13:08  Terran Infantry Weapons Level 3  
  143  13:11  Terran Vehicle Weapons Level 1  
  143  13:15  Medivac x2  
  147  13:31  Command Center  
  147  13:34  Factory Tech Lab  
  147  13:35  Thor  
  147  13:39  Thor  
  159  13:49  Armory  
  159  13:51  Refinery  
  159  13:55  Armory  
  159  14:18  Marauder x2, Marine x2  
  159  14:19  Marauder x3, Marine x2  
  173  14:36  Marine  
  174  14:40  Marauder  
  174  14:45  Planetary Fortress  
  176  15:07  Sensor Tower  
  176  15:12  Thor x2  
  188  15:14  Terran Infantry Armor Level 3  
  188  15:35  Sensor Tower  
  188  15:39  Thor  
  194  15:42  Medivac  
  194  15:43  Medivac  
  194  15:47  Terran Vehicle Weapons Level 2  
  198  15:50  Terran Vehicle And Ship Armor Level 1  
  198  15:51  Terran Ship Weapons Level 1  
  198  15:57  Hi-Sec Auto Tracking  
  198  16:06  Sensor Tower  
  192  16:35  Sensor Tower  
  192  16:49  Command Center  
  192  16:53  Factory  
  192  16:57  Factory  
  191  17:14  Thor  
  192  17:48  Marine x4  
  192  17:49  Marauder x5  
  169  17:58  Thor x3  
  151  18:06  Marine x4  
  151  18:10  Marauder x5  
  165  18:24  Marine x4  
  169  18:28  Factory Tech Lab x2  
  169  18:31  Refinery, Marauder x4  
  169  18:32  Marauder  
  179  18:41  Thor  
  185  18:42  Marine x4  
  183  18:53  Marauder x5  
  161  18:59  Marine x2  
  161  19:00  Marine x2  
  165  19:14  Marauder x3, Marine x2  
  165  19:17  Thor x2, Marine x4  
  189  19:32  Marauder x2  
  189  19:35  Marine x3  
  189  19:36  Marauder  
  198  19:46  Refinery  
  198  19:53  Marauder, Command Center  
  200  20:57  Terran Vehicle Weapons Level 3  
  200  20:58  Terran Vehicle And Ship Armor Level 2  
  200  21:00  Terran Ship Weapons Level 2  
  184  21:43  Marine x2  
  184  21:44  Marauder x3  
  184  21:45  Thor x3  
  181  21:55  Marine  
  181  22:00  Marauder x2  
  159  22:02  Marine x3  
  159  22:05  Marauder x3  
  163  22:21  Marauder x2  
  163  22:22  Marine  
  167  22:23  Marine x3  
  167  22:24  Thor  
  167  22:26  Marauder  
  167  22:27  Marauder x2  
  183  22:32  Planetary Fortress  
  183  22:43  Marauder x2  
  187  22:48  Marauder x3  
  193  23:04  Marauder x2  
  197  23:07  Marine x3  
  200  23:21  Terran Vehicle And Ship Armor Level 3  
  200  23:22  Terran Ship Weapons Level 3  
  200  23:46  Refinery  
  200  23:48  Refinery  
  200  23:54  Missile Turret  
  200  23:55  Missile Turret  
  200  23:56  Missile Turret  
  200  23:57  Missile Turret  
  200  23:59  Missile Turret x2  
  200  24:04  Missile Turret  
  200  24:22  Marine x2  
  200  24:23  Marauder x2, Marine x3  
  200  24:24  Marauder x2  
  195  24:25  Missile Turret  
  195  24:26  Missile Turret  
  190  24:40  Marine x3  
  190  24:41  Marine  
  190  24:42  Marauder  
  190  24:45  Marauder x2  
  193  24:58  Marine x3  
  193  24:59  Marine  
  194  25:03  Marauder  
  194  25:06  Marauder x2  
  198  26:44  Command Center  
  192  27:17  Marauder x3  
  192  27:18  Marauder  
Show
View Real Time Build Order
Export as new Build Order

Juxtapose Zerg 

Build Orders: Pool First, Swarm Host 

Get SALT Encoding   

  12  0:01  Drone  
  13  0:13  Overlord  
  13  0:18  Drone  
  14  0:33  Drone x2  
  16  0:43  Spawning Pool  
  16  0:45  Drone  
  16  0:51  Extractor  
  16  0:56  Overlord  
  15  1:00  Drone  
  16  1:10  Drone  
  17  1:19  Drone  
  18  1:30  Drone  
  18  1:32  Queen  
  21  1:50  Hatchery  
  21  1:53  Drone  
  21  2:01  Metabolic Boost  
  21  2:05  Zergling x2  
  22  2:10  Zergling x2  
  23  2:40  Zergling x2  
  23  2:41  Zergling x2  
  23  2:42  Drone  
  23  2:43  Queen  
  27  2:52  Extractor  
  27  2:58  Overlord  
  26  3:01  Drone x2  
  26  3:05  Drone  
  29  3:07  Queen  
  31  3:28  Drone  
  31  3:29  Drone  
  33  3:37  Lair  
  33  3:38  Drone  
  34  3:46  Roach Warren  
  33  3:57  Zergling x2  
  33  3:58  Zergling x2  
  35  4:05  Drone  
  35  4:07  Overlord, Drone  
  38  4:10  Drone x3  
  40  4:23  Drone x2  
  42  4:27  Queen  
  44  4:54  Hatchery, Infestation Pit  
  44  4:56  Roach x3  
  48  5:02  Drone x2  
  48  5:03  Drone  
  51  5:21  Overlord x2  
  51  5:30  Drone  
  51  5:34  Extractor  
  51  5:35  Extractor  
  51  5:41  Pathogen Glands  
  50  5:44  Burrow  
  50  5:45  Drone x5  
  50  5:48  Overlord  
  55  5:50  Overseer x2  
  55  5:55  Glial Reconstitution  
  55  6:04  Drone x2  
  57  6:15  Drone x3  
  57  6:18  Roach x3  
  66  6:19  Drone  
  67  6:45  Infestor x3  
  67  6:46  Overlord x2, Infestor  
  73  7:20  Hive  
  72  7:25  Hydralisk Den  
  71  7:32  Evolution Chamber  
  71  7:34  Drone x6  
  76  7:47  Roach x2  
  76  7:48  Roach  
  82  7:55  Muscular Augments  
  82  8:08  Neural Parasite  
  82  8:11  Zerg Missile Weapons Level 1  
  82  8:21  Drone x3  
  82  8:24  Extractor  
  82  8:25  Drone, Extractor  
  82  8:26  Drone x2  
  86  8:35  Ravager x2  
  86  8:36  Ravager  
  89  8:53  Ultralisk Cavern  
  88  9:19  Hydralisk  
  88  9:21  Overlord x2  
  88  9:22  Overlord x5  
  88  9:24  Adrenal Glands  
  90  9:51  Chitinous Plating  
  96  10:00  Ultralisk  
  96  10:01  Hydralisk  
  96  10:03  Zergling x10  
  96  10:04  Zergling x14  
  96  10:05  Zergling x8  
  114  10:28  Hatchery  
  113  10:30  Hydralisk x5  
  113  10:31  Hydralisk x5  
  120  11:13  Ultralisk x3  
  120  11:17  Drone  
  120  11:18  Drone x6  
  145  11:40  Spore Crawler  
  145  11:43  Zerg Ground Armor Level 1  
  145  11:47  Zergling x10  
  146  11:53  Drone x2  
  151  11:54  Overlord x2  
  151  11:55  Overlord x4  
  93  12:32  Ultralisk  
  93  12:33  Hydralisk, Ultralisk x2  
  97  12:41  Drone x2  
  97  12:42  Drone  
  93  12:44  Drone x2  
  95  12:51  Overseer x2  
  95  13:16  Drone  
  95  13:17  Drone x2  
  95  13:18  Drone  
  95  13:19  Drone x2  
  101  13:25  Zergling x10  
  106  13:30  Pneumatized Carapace  
  106  13:36  Zerg Missile Weapons Level 2  
  106  13:39  Extractor  
  106  13:41  Extractor  
  104  13:53  Drone x4  
  104  13:54  Drone  
  109  14:01  Swarm Host x4  
  109  14:02  Swarm Host x6  
  139  14:14  Lurker Den  
  139  14:42  Hydralisk, Zergling x12  
  139  14:43  Hydralisk x3, Zergling x2  
  139  14:44  Ultralisk x2  
  167  15:14  Drone x3  
  167  15:20  Hydralisk  
  167  15:21  Hydralisk x5  
  171  15:24  Overlord x4  
  171  15:25  Overlord x3  
  181  16:08  Ultralisk  
  181  16:09  Ultralisk x2  
  199  16:16  Zerg Ground Armor Level 2  
  181  17:48  Zergling x2  
  181  17:49  Zergling x12  
  181  17:50  Hydralisk x3, Ultralisk x6  
  181  17:51  Hydralisk x2  
  163  18:01  Zergling x6  
  163  18:02  Zergling x14  
  135  18:29  Spire  
  135  18:32  Zerg Melee Weapons Level 1  
  134  18:35  Hatchery  
  133  18:48  Drone x2  
  116  19:12  Infestor  
  116  19:13  Infestor x3  
  116  19:16  Hydralisk x3  
  116  19:17  Hydralisk x2  
  126  19:18  Ultralisk x2  
  126  19:19  Zergling x8, Ultralisk x2  
  126  19:20  Zergling x10  
  126  19:21  Zergling x2  
  168  19:42  Greater Spire  
  168  19:56  Drone  
  169  20:11  Hatchery  
  168  20:26  Zerg Ground Armor Level 3  
  168  20:31  Corruptor  
  168  20:32  Corruptor x5  
  180  20:43  Extractor  
  180  20:46  Hydralisk x5  
  180  20:47  Overlord, Hydralisk, Corruptor x2  
  180  20:48  Corruptor x2  
  173  21:30  Brood Lord x3  
  173  21:31  Brood Lord  
  106  22:02  Zergling x14  
  106  22:03  Zergling x14  
  106  22:04  Zergling x8  
  104  22:17  Infestor  
  104  22:18  Infestor x2  
  99  22:43  Brood Lord  
  101  22:47  Drone x3  
  97  23:07  Brood Lord  
  99  23:16  Extractor  
  97  23:21  Zergling x14  
  97  23:22  Zergling x14, Extractor  
  97  23:23  Zergling x14  
  97  23:24  Zergling x12  
  123  23:28  Zerg Melee Weapons Level 2  
  123  23:50  Ultralisk  
  123  23:52  Zergling x4  
  123  23:53  Zergling x14  
  114  24:26  Zergling x10  
  114  24:27  Zergling x14  
  114  24:28  Zergling x14  
  114  24:29  Zergling x4  
  87  24:51  Hatchery  
  42  25:12  Viper  
  45  25:15  Zergling x4  
  45  25:16  Zergling x12  
  45  25:17  Zergling x6  
  56  25:40  Hatchery  
  56  26:02  Hydralisk x4, Hatchery  
  56  26:03  Hydralisk x2  
  67  26:47  Extractor  
  67  26:51  Extractor  
  63  26:57  Drone x2  
  63  26:58  Zergling x4  
  63  27:18  Zergling x4  
  63  27:19  Zergling x12  
  63  27:20  Zergling x14  
  63  27:21  Zergling x14  
  63  27:22  Zergling x14  
  87  27:23  Zergling x4  
  87  27:28  Infestor  
Tags
 
Add a new tag
Caveats
  • Supply blocks, unpowered buildings, or Contaminate may cause inaccurate times.
  • Supply counts are checked every 10 seconds.